 Dungeon Crawl Stone Soup version 0.21-a0-513-gdcb3f5e (webtiles) character file.

2091 Firecrotchwizard the Transmogrifier (level 9, -5/68 HPs)
             Began as a Pale Draconian Transmuter on Dec 3, 2017.
             Was a Believer of Okawaru.
             Slain by slep's ghost (16 damage)
             ... on level 8 of the Dungeon.
             The game lasted 00:18:17 (8518 turns).

Firecrotchwizard the Transmogrifier (DrTm)          Turns: 8518, Time: 00:18:18

Health: -5/68      AC:  9    Str: 12    XL:     9   Next: 6%
Magic:  10/12      EV: 17    Int: 15    God:    Okawaru [**....]
Gold:   463        SH:  0    Dex: 14    Spells: 4/12 levels left

rFire    . . .     SeeInvis .     - Unarmed
rCold    . . .     Gourm    .   (no shield)
rNeg     . . .     Faith    .   (armour unavailable)
rPois    .         Spirit   .   (helmet restricted)
rElec    .         Reflect  .   g - +1 cloak {+Inv}
rCorr    .         Harm     .   (no gloves)
MR       .....                  (boots currently unavailable)
Stlth    +.........             (no amulet)
HPRegen  0.21/turn              (no ring)
MPRegen  0.13/turn              u - +4 ring of evasion

@: appendage
A: breathe steam, unfitting armour, talons 3, cold-blooded, AC +7
a: Breathe Steam, End Transformation, Heroism, Renounce Religion, Evoke
Invisibility


You were on level 8 of the Dungeon.
You worshipped Okawaru.
Okawaru was pleased with you.
You were not hungry.
You had grown temporary talons.
You visited 1 branch of the dungeon, and saw 8 of its levels.

You collected 463 gold pieces.

Inventory:

Hand Weapons
 o - a +2 war axe of freezing
   (You took it off Blork the orc on level 4 of the Dungeon)
 z - a +3 quarterstaff of chaos
   (You took it off Crazy Yiuf on level 7 of the Dungeon)
Missiles
 a - 5 arrows
 q - a throwing net {=f, !d}
Armour
 g - a +1 cloak of invisibility (worn)
   (You found it on level 1 of the Dungeon)
Magical Staves
 w - an uncursed staff of cold {rC+}
   (You found it on level 7 of the Dungeon)
Jewellery
 d - an uncursed ring of protection from magic {MR+, !d}
   (You found it on level 5 of the Dungeon)
 u - a +4 ring of evasion (right hand)
   (You found it on level 5 of the Dungeon)
Wands
 t - a wand of disintegration (8)
   (You found it on level 6 of the Dungeon)
Scrolls
 e - 2 scrolls of immolation {!r}
 f - 15 scrolls of identify
 h - 3 scrolls of fear {unknown}
 l - a scroll of fog {unknown}
 m - 2 scrolls of blinking {unknown}
 n - a scroll of enchant armour {unknown}
 s - 2 scrolls of remove curse
 y - a scroll of random uselessness {unknown}
Potions
 i - 2 potions of might {unknown}
 j - a potion of agility {unknown}
 p - 2 potions of heal wounds
 v - 2 potions of magic {unknown}
 x - a potion of curing
Books
 b - a book of Changes
 r - a book of Misfortune
   (You found it on level 5 of the Dungeon)
Comestibles
 c - 5 bread rations {@e1}
 k - 5 meat rations {@e2}


   Skills:
 + Level 2.6 Fighting
 + Level 2.7 Dodging
 - Level 8.4 Unarmed Combat
 - Level 2.0 Spellcasting
 * Level 8.7 Transmutations


You had 4 spell levels left.
You knew the following spells:

 Your Spells              Type           Power        Failure   Level  Hunger
a - Beastly Appendage     Tmut           ####..       1%          1    #......
s - Sticks to Snakes      Tmut           ####....     1%          2    ###....
x - Blade Hands           Tmut           ####......   17%         5    ######.


Dungeon Overview and Level Annotations

Branches:
Dungeon (8/15)             Temple (0/1) D:5
   Lair: D:8-11

Altars:
Ashenzari
Elyvilon
Fedhas
Kikubaaqudgha
Okawaru
Qazlal
Ru
Vehumet
Wu Jian
Yredelemnul

Shops:
D:6 (

Annotations:
D:7 1 exclusion
D:8 slep's ghost, novice VSGl


Innate Abilities, Weirdness & Mutations

You can breathe blasts of scalding, opaque steam.
Your pale cyan-grey scales are hard. (AC +7)
You cannot fit into any form of body armour.
You are cold-blooded and may be slowed by cold attacks.
You have claws for feet.


Message History

You regained 5 hp, and now have 44/68 hp.
You extend your transformation's duration.
You have got your breath back.
The killer bee is engulfed in a cloud of scalding steam.
You kill the killer bee!
Okawaru accepts your kill. The killer bee misses you.
The killer bee is engulfed in a cloud of scalding steam.
The killer bee barely misses you.
You now have 9/12 mp.
You punch the killer bee!
The killer bee is engulfed in a cloud of scalding steam.
You kill the killer bee!
Okawaru accepts your kill.
You see here a killer bee corpse.
You start resting.
An orc comes into view.
Your transformation is almost over.
Slep's ghost (novice Vine Stalker Gladiator) comes into view.
It is wielding a weapon of electrocution.
You see here a killer bee corpse.
Slep's ghost turns its malevolent gaze towards you.
Here: slep's ghost, wielding a weapon of electrocution The floor.
There are monsters nearby!
Here: slep's ghost, wielding a weapon of electrocution The floor.
Unknown command.
You see here a killer bee corpse.
MP restored: 12 You see here a killer bee corpse.
Your horns disappear.
Some of the chunks of flesh in your inventory have rotted away.
You are feeling hungry.
Slep's ghost wails, "What do you have that I didn't have?"
There is a stone staircase leading up here.
You climb upwards.
Level annotation: 1 exclusion
There is a stone staircase leading down here.
You start resting.
Eating a chunk of flesh {@w0}.
You eat the chunk of flesh {@w0}.
Health restored: 68
Okay, then.
You don't know that spell.
Your feet morph into talons.
You now have 11/12 mp.
You fail to extend your transformation any further.
You now have 10/12 mp.
You climb downwards.
Level annotation: slep's ghost, novice VSGl Slep's ghost misses you.
There is a stone staircase leading up here.
You don't know that spell.
You create 2 snakes!
You now have 5 arrows.
Slep's ghost hits you!
You take 10 damage, and have 58/68 hp.
You now have 8/12 mp.
You closely miss slep's ghost. Your kick misses slep's ghost.
Slep's ghost hits you!
Your ball python misses slep's ghost.
You take 13 damage, and have 45/68 hp.
You hit slep's ghost. Slep's ghost hits you.
Your ball python barely misses slep's ghost.
Your ball python bites slep's ghost.
You take 4 damage, and have 41/68 hp.
You punch slep's ghost!
You claw slep's ghost, but do no damage.
Slep's ghost hits you!!
Your ball python misses slep's ghost.
Your ball python barely misses slep's ghost.
You take 18 damage, and have 23/68 hp.
MASSIVE DAMAGE!!
You punch slep's ghost!
You claw slep's ghost, but do no damage.
Your ball python closely misses slep's ghost.
Slep's ghost hits you!
* * * LOW HITPOINT WARNING * * *
Your ball python misses slep's ghost.
You take 12 damage, and have 11/68 hp.
You hit slep's ghost.
Your ball python bites slep's ghost but does no damage.
Your ball python closely misses slep's ghost.
Slep's ghost closely misses you.
You barely miss slep's ghost. Your kick misses slep's ghost.
Your ball python barely misses slep's ghost.
Your ball python closely misses slep's ghost.
Slep's ghost hits you.
* * * LOW HITPOINT WARNING * * *
You take 1 damage, and have 10/68 hp.
You fail to use your ability.
Your ball python closely misses slep's ghost. x2
Slep's ghost hits you but does no damage.
You hit slep's ghost.
You claw slep's ghost, but do no damage.
Your ball python bites slep's ghost but does no damage.
Your ball python closely misses slep's ghost.
You barely miss slep's ghost. You claw slep's ghost.
Your tail-slap misses slep's ghost.
Your ball python bites slep's ghost but does no damage.
Slep's ghost hits you but does no damage.
Your ball python bites slep's ghost but does no damage.
You hit slep's ghost.
Your ball python barely misses slep's ghost.
Slep's ghost hits you!
You die...

###### #.S..#
#.#W## #.#@S#
##############W#.##
..........W..#.###
......######.#...#
............รท....#
......####.#.###.#
......# #.#.# #.#
......# #.#.###.##
......# #........#


You could see slep's ghost and 2 friendly ball pythons.

Vanquished Creatures
  A hungry ghost (D:7)
  A necrophage (D:8)
  2 ogres (D:4)
  A phantom (D:8)
  3 ice beasts
  Blork the orc (D:4)
  3 bullfrogs
  4 killer bees (D:8)
  2 howler monkeys
  5 crimson imps
  2 bullfrog zombies
  A centaur zombie (D:7)
  A hound (D:5)
  Crazy Yiuf (D:7)
  2 orc priests
  4 orc wizards
  2 bullfrog skeletons
  3 worker ants
  A gnoll (D:3)
  A howler monkey skeleton (D:4)
  6 adders
  An adder zombie (D:5)
  3 worms
  A dart slug (D:1)
  2 leopard geckos
  13 orcs
  2 ball pythons
  2 bats
  5 giant cockroaches
  6 goblins
  5 hobgoblins
  3 jackals (D:3)
  3 quokkas
  4 frilled lizards
  A giant cockroach zombie (D:5)
  A jackal skeleton (D:5)
  4 kobolds
  2 leopard gecko skeletons
  A quokka skeleton (D:7)
  9 rats
115 creatures vanquished.

Vanquished Creatures (collateral kills)
  An ogre (D:5)
1 creature vanquished.

Grand Total: 116 creatures vanquished

Notes
Turn   | Place    | Note
-------+----------+-------------------------------------------
     0 | D:1      | Firecrotchwizard the Draconian Transmuter began the quest for the Orb.
     0 | D:1      | Reached XP level 1. HP: 16/16 MP: 3/3
     6 | D:1      | Noticed a komodo dragon
     6 | D:1      | Noticed a tyrant leech
     6 | D:1      | Noticed a queen ant
     7 | D:1      | Noticed a hell rat
     7 | D:1      | Noticed an ettin
   181 | D:1      | Reached XP level 2. HP: 17/23 MP: 3/5
  1547 | D:2      | Learned a level 2 spell: Sticks to Snakes
  1733 | D:3      | Reached XP level 3. HP: 19/28 MP: 3/6
  1735 | D:3      | Reached skill level 3 in Transmutations
  2247 | D:3      | HP: 6/28 [hobgoblin (3)]
  2607 | D:3      | Reached skill level 4 in Unarmed Combat
  2816 | D:3      | Reached XP level 4. HP: 35/35 MP: 5/7
  2817 | D:3      | Found an iron altar of Okawaru.
  3316 | D:4      | Reached skill level 4 in Transmutations
  3316 | D:4      | Reached XP level 5. HP: 39/40 MP: 6/8
  3430 | D:4      | HP: 9/40 [worker ant (5)]
  3433 | D:4      | HP: 3/40 [poisoned by a worker ant]
  3677 | D:4      | Found an ancient bone altar of Kikubaaqudgha.
  3679 | D:4      | Found a blossoming altar of Fedhas.
  3684 | D:4      | Noticed an ogre
  3699 | D:4      | HP: 9/40 [leopard gecko skeleton (3)]
  3700 | D:4      | Killed an ogre
  3700 | D:4      | Reached skill level 5 in Unarmed Combat
  3700 | D:4      | Reached XP level 6. HP: 10/47 MP: 9/9
  3705 | D:4      | HP: 2/47 [howler monkey skeleton (4)]
  4093 | D:4      | Reached skill level 5 in Transmutations
  4215 | D:4      | Found a white marble altar of Elyvilon.
  4240 | D:4      | Noticed Blork the orc
  4249 | D:4      | Killed Blork the orc
  4499 | D:5      | Entered Level 5 of the Dungeon
  4623 | D:5      | Reached skill level 6 in Unarmed Combat
  4623 | D:5      | Your scales start taking on a pale cyan-grey colour.
  4623 | D:5      | Reached XP level 7. HP: 49/52 MP: 10/10
  4847 | D:3      | Became a worshipper of Warmaster Okawaru
  5101 | D:5      | Reached skill level 6 in Transmutations
  5296 | D:5      | Found a radiant altar of Vehumet.
  5343 | D:5      | Found an ornate altar of the Wu Jian Council.
  5983 | D:5      | Found a staircase to the Ecumenical Temple.
  6031 | D:6      | Found Remuded's Weapon Emporium.
  6062 | D:6      | Found a sacrificial altar of Ru.
  6092 | D:6      | Found a shattered altar of Ashenzari.
  6249 | D:6      | Reached skill level 7 in Unarmed Combat
  6292 | D:6      | Reached XP level 8. HP: 40/59 MP: 9/11
  6500 | D:6      | Reached skill level 7 in Transmutations
  6596 | D:6      | Reached * piety under Okawaru
  7051 | D:7      | Found a basalt altar of Yredelemnul.
  7051 | D:7      | Found a stormy altar of Qazlal.
  7180 | D:7      | Learned a level 5 spell: Blade Hands
  7438 | D:7      | Reached skill level 8 in Unarmed Combat
  7554 | D:7      | Reached skill level 8 in Transmutations
  7591 | D:7      | Found a runed door.
  7924 | D:7      | Reached skill level 2 in Dodging
  8117 | D:7      | Noticed Crazy Yiuf
  8124 | D:7      | Killed Crazy Yiuf
  8200 | D:8      | Reached ** piety under Okawaru
  8200 | D:8      | Reached skill level 2 in Fighting
  8390 | D:8      | Reached XP level 9. HP: 44/68 MP: 10/12
  8404 | D:8      | Noticed slep's ghost (novice VSGl)
  8512 | D:8      | HP: 11/68 [slep's ghost (13)]
  8518 | D:8      | Slain by slep's ghost

Vault maps used:
D:1:      onia_arrival_zoo_common, minmay_pentomino_r4
D:3:      first_bread, okawaru_altar_gauntlet_db
D:4:      grunt_temple_overflow_growth_and_decay, elyvilon_altar_1,
          uniq_blork_the_orc
D:5:      overflow_temple_1_default, lemuel_crystal_altar,
          minmay_temple_entry_poolview, roderic_serpentine_path,
          columned_hall_lemuel
D:6:      lemuel_round_altar, kennysheep_little_box, serial_shops, shop
D:7:      gammafunk_temple_overflow_wave, tgw_sif, serial_aquarium,
          aquarium_bridge_long_joined, aquarium_window_corner,
          aquarium_window_2, aquarium_window_fake, aquarium_window_1,
          aquarium_view_2c, aquarium_view_2d, aquarium_balcony_3b,
          uniq_crazy_yiuf_cottage
D:8:      xom_redecorated

Skill      XL: |  1  2  3  4  5  6  7  8 |
---------------+-------------------------+-----
Transmutations | 3 4 5 6 8 |  8.7
Unarmed Combat | 4 5 6 7 8 |  8.4
Dodging        | 2 |  2.7
Fighting       | 2 |  2.6
Spellcasting   | |  2.0

Action                   |  1- 3 |  4- 6 |  7- 9 || total
-------------------------+-------+-------+-------++-------
Melee: Unarmed           |    43 |    76 |   267 ||   386
       Kick              |    11 |    13 |    21 ||    45
       Tailslap          |    17 |    22 |    37 ||    76
       Headbutt          |     6 |    13 |    11 ||    30
       Dagger            |   138 |    69 |       ||   207
       Punch             |     2 |     5 |     7 ||    14
 Cast: Beastly Appendage |    17 |    13 |    29 ||    59
       Sticks to Snakes  |       |     2 |     4 ||     6
 Abil: Breathe Steam     |       |       |     2 ||     2
  Use: Potion            |       |     2 |       ||     2
       Scroll            |       |       |     3 ||     3
 Stab: Sleeping          |     1 |       |     1 ||     2
  Eat: Chunk             |     7 |     4 |    16 ||    27
       Royal jelly       |       |     1 |     1 ||     2
Armor: Skin              |    68 |    51 |    69 ||   188
Dodge: Dodged            |   130 |    80 |   141 ||   351

Table legend:
 A = Spawn XP
 B = Non-spawn XP
 C = Spawn XP percentage of total XP
 D = Spawn monster count
 E = Non-spawn monster count
 F = Spawn count percentage of total count
 G = Total turns spent on level
                    A         B        C        D         E        F      G
               +---------+---------+-------+---------+---------+-------+---------
         Total |       0 |    2988 |   0.0 |       0 |     116 |   0.0 |  8518
               +---------+---------+-------+---------+---------+-------+---------
           D:1 |       0 |      22 |   0.0 |       0 |      12 |   0.0 |   983
           D:2 |       0 |      15 |   0.0 |       0 |      10 |   0.0 |   698
           D:3 |       0 |      88 |   0.0 |       0 |      25 |   0.0 |  1380
           D:4 |       0 |     486 |   0.0 |       0 |      15 |   0.0 |  1537
           D:5 |       0 |     527 |   0.0 |       0 |      17 |   0.0 |  1421
           D:6 |       0 |     528 |   0.0 |       0 |       8 |   0.0 |   978
           D:7 |       0 |     785 |   0.0 |       0 |      20 |   0.0 |  1227
           D:8 |       0 |     537 |   0.0 |       0 |       9 |   0.0 |   294
               +---------+---------+-------+---------+---------+-------+---------

Vault maps used:
D:1:      onia_arrival_zoo_common, minmay_pentomino_r4
D:3:      first_bread, okawaru_altar_gauntlet_db
D:4:      grunt_temple_overflow_growth_and_decay, elyvilon_altar_1,
          uniq_blork_the_orc
D:5:      overflow_temple_1_default, lemuel_crystal_altar,
          minmay_temple_entry_poolview, roderic_serpentine_path,
          columned_hall_lemuel
D:6:      lemuel_round_altar, kennysheep_little_box, serial_shops, shop
D:7:      gammafunk_temple_overflow_wave, tgw_sif, serial_aquarium,
          aquarium_bridge_long_joined, aquarium_window_corner,
          aquarium_window_2, aquarium_window_fake, aquarium_window_1,
          aquarium_view_2c, aquarium_view_2d, aquarium_balcony_3b,
          uniq_crazy_yiuf_cottage
D:8:      xom_redecorated

Table legend:
 A = Turns spent in this place as a percentage of turns spent in the entire game.
 B = Non-inter-level travel turns spent in this place as a percentage of non-inter-level travel turns spent in the entire game.
 C = Inter-level travel turns spent in this place as a percentage of turns spent in this place.
 D = Turns resting spent in this place as a percentage of non-inter-level travel turns spent in this place.
 E = Turns spent auto-exploring this place as a percentage of non-inter-level travel turns spent in this place.
 F = Non-inter-level travel turns spent in this place divided by the number of levels of this place that you've seen.
                   A       B       C       D       E      F
               +-------+-------+-------+-------+-------+----------------------
         Total | 100.0 | 100.0 |   3.5 |  28.6 |  56.3 | 1027.8
       Dungeon | 100.0 | 100.0 |   3.5 |  28.6 |  56.3 | 1027.8
               +-------+-------+-------+-------+-------+----------------------

Table legend:
 A = Kills in this place as a percentage of kills in entire the game.
 B = Kills by you in this place as a percentage of kills by you in the entire game.
 C = Kills by friends in this place as a percentage of kills by friends in the entire game.
 D = Other kills in this place as a percentage of other kills in the entire game.
 E = Experience gained in this place as a percentage of experience gained in the entire game.
 F = Experience gained in this place divided by the number of levels of this place that you have seen.
                   A       B       C       D       E      F
               +-------+-------+-------+-------+-------+----------------------
         Total | 100.0 | 100.0 | 100.0 |   N/A | 100.0 | 373.5
       Dungeon | 100.0 | 100.0 | 100.0 |   N/A | 100.0 | 373.5
               +-------+-------+-------+-------+-------+----------------------
